 Dungeon Crawl Stone Soup version 0.29.0-15-g675c0067aa (webtiles) character file.

Game seed: 12681300103927770970

32 qw the Chopper (level 3, -3/23 HPs)
             Began as a Gargoyle Fighter on Sept 12, 2022.
             Slain by Sigmund
             ... wielding a +0 scythe
              (6 damage)
             ... on level 2 of the Dungeon.
             The game lasted 00:00:29 (955 turns).

qw the Chopper (Gargoyle Fighter)                    Turns: 955, Time: 00:00:29

Health: -3/23      AC: 10    Str: 21    XL:     3   Next: 27%
Magic:  3/3        EV:  9    Int:  8    God:
Gold:   78         SH:  4    Dex:  9    Spells: 2/2 levels left

rFire   . . .      SeeInvis .   f - +0 broad axe
rCold   . . .      Faith    .   c - +0 buckler
rNeg    + . .      Spirit   .   b - +0 scale mail
rPois   inf        Reflect  .   (no helmet)
rElec   +          Harm     .   (no cloak)
rCorr   .          Rampage  .   (no gloves)
Will    .....                   (no boots)
Stlth   ..........              (no amulet)
HPRegen 0.07/turn               (no ring)
MPRegen 0.08/turn               (no ring)

@: no status effects
A: sickness immunity, AC +3, negative energy resistance 1, electricity
resistance, torment resistance 1, petrification resistance
a: no special abilities


You were on level 2 of the Dungeon.
You visited 1 branch of the dungeon, and saw 2 of its levels.

You collected 78 gold pieces.


Innate Abilities, Weirdness & Mutations

You are immune to sickness and miasma.
Your stone body is resilient. (AC +3)
You are immune to poison.
You resist negative energy. (rN+)
You are resistant to electric shocks. (rElec)
You are resistant to unholy torment.
You are immune to petrification.


   Skills:
 - Level 3.2 Fighting
 + Level 3.3 Axes
 - Level 3.2 Armour
 - Level 3.2 Shields


You had 2 spell levels left.
You didn't know any spells.
Your spell library was empty.

Inventory:

Hand Weapons
 f - a +0 broad axe (weapon)
 h - a +0 mace
Armour
 b - a +0 scale mail (worn)
 c - a +0 buckler (worn)
Scrolls
 i - a scroll of poison {unknown}
Potions
 a - a potion of haste {unknown}
 d - a potion of might
 e - a potion of brilliance {unknown}
 g - a potion of heal wounds {unknown}

Dungeon Overview and Level Annotations

Branches:
Dungeon (2/15)

Altars:

Annotations:
D:2 Sigmund


Message History

The bat barely misses you. x2
Sigmund's eyes start glowing with a red light.
Sigmund hits you from afar with a +0 scythe.
The worm barely misses you.
You hit the worm.
The worm is severely wounded.
You block the bat's attack. The bat completely misses you.
Sigmund hits you from afar with a +0 scythe!
You slash the worm!
You kill the worm!
You completely miss the bat. The bat hits you but does no damage.
You block the bat's attack. You block Sigmund's attack.
The bat hits you but does no damage. Sigmund closely misses you.
You completely miss Sigmund.
Sigmund is heavily wounded.
The bat barely misses you. You block Sigmund's attack.
You hit Sigmund.
Sigmund is severely wounded.
You block the bat's attack. Sigmund casts a spell at you.
You are confused.
You closely miss Sigmund.
Sigmund is severely wounded.
You miss the bat. The bat hits you but does no damage.
Sigmund casts a spell at you. The magic dart hits you!
Sigmund hits you with a +0 scythe.
You barely miss the bat. You closely miss Sigmund.
The bat hits you but does no damage. Sigmund barely misses you.
The bat closely misses you. The bat closely misses you.
You miss the bat.
You feel less confused. The bat hits you but does no damage.
The bat barely misses you. Sigmund closely misses you.
You slash the bat!
You kill the bat!
Sigmund hits you from afar with a +0 scythe.
You die...

#.# #. ..# ..... .
##.#####.. ... ..... .....
..# #.# ...... #.#.# #.#
#.# ......
#.#.###.####.####......
#####......................
............####...........
................@%@.$...[..
......#.##..#####.###.#....
.####.#...).# #.# # # .#
#.#.##..# #.. .####.#.##..#
##.. .)....#.##..# ...
.######.##.<# .... .#
#+##..# ..... .# ...#
#....#


You could see Sigmund.

Vanquished Creatures
  2 worms (D:2)
  An endoplasm (D:2)
  2 giant cockroaches (D:1)
  2 goblins
  3 hobgoblins (D:1)
  3 quokkas (D:1)
  2 ball pythons (D:1)
  5 bats
  4 kobolds
  2 rats (D:1)
26 creatures vanquished.

Notes
Turn   | Place    | Note
-------+----------+-------------------------------------------
     0 | D:1      | qw the Gargoyle Fighter began the quest for the Orb.
     0 | D:1      | Reached XP level 1. HP: 14/14 MP: 1/1
     0 | D:1      | 0 ||| qw: Version: 0.1-a-119-g272c26d
     0 | D:1      | 0 ||| qw: Game counter: 10972
     0 | D:1      | 0 ||| qw: Always use a shield: true
     0 | D:1      | 0 ||| qw: God list: Okawaru
     0 | D:1      | 0 ||| qw: Allow faded altars: false
     0 | D:1      | 0 ||| qw: Do Orc after D:15 true
     0 | D:1      | 0 ||| qw: Do second Lair branch before Depths: true
     0 | D:1      | 0 ||| qw: Lair rune preference: random
     0 | D:1      | 0 ||| qw: Plans: Normal, Zot, God:TSO, Crypt, Tomb, Pan,
                  | Slime, Hells, Zig, Abyss, Orb
     0 | D:1      | 0 ||| PLANNING D:1-11
   189 | D:1      | 189 ||| DROPPING +0 club.
   252 | D:1      | Reached XP level 2. HP: 19/19 MP: 2/2
   299 | D:1      | 299 ||| Stepping ~*~*~tactically~*~*~ (stealth).
   300 | D:1      | 300 ||| Stepping ~*~*~tactically~*~*~ (stealth).
   301 | D:1      | 301 ||| Stepping ~*~*~tactically~*~*~ (stealth).
   451 | D:1      | 451 ||| Stepping ~*~*~tactically~*~*~ (stealth).
   764 | D:1      | 764 ||| READING scroll labelled ATOGOL URUN.
   765 | D:1      | 765 ||| READING scroll labelled KIESEUNWAL.
   766 | D:1      | 766 ||| DRINKING 2 inky potions.
   767 | D:1      | 767 ||| DROPPING potion of invisibility.
   821 | D:2      | Reached skill level 3 in Axes
   830 | D:2      | 830 ||| SWAPPING to +0 broad axe.
   831 | D:2      | 831 ||| DROPPING +0 war axe.
   849 | D:2      | Reached XP level 3. HP: 22/23 MP: 3/3
   928 | D:2      | Noticed Sigmund
   950 | D:2      | HP: 5/23 [Sigmund/magic dart (7)]
   950 | D:2      | HP: 2/23 [Sigmund/+0 scythe (3)]
   955 | D:2      | Slain by Sigmund

Levels and vault maps discovered:
D:1:      reono_arrival_forest_river, layout_rooms
D:2:      layout_basic, uniq_terence, uniq_sigmund

Skill      XL: |  1  2 |
---------------+-------+-----
Axes           | 2 3 |  3.3
Fighting       | |  3.2
Armour         | |  3.2
Shields        | |  3.2

Action                   || total
-------------------------++-------
Melee: War axe           ||    67
       Broad axe         ||    33
  Use: Scroll            ||     2
       Potion            ||     1
Armor: Scale mail        ||    69
Dodge: Dodged            ||    79
Block: Buckler           ||    31

Table legend:
 A = Non-vault XP
 B = Vault XP
 C = Vault XP percentage of total XP
 D = Non-vault monster count
 E = Vault monster count
 F = Vault count percentage of total count
                 A         B        C        D         E       F
            +---------+---------+-------+---------+---------+-------
      Total |      49 |       0 |   0.0 |      26 |       0 |   0.0
            +---------+---------+-------+---------+---------+-------
        D:1 |      29 |       0 |   0.0 |      18 |       0 |   0.0
        D:2 |      20 |       0 |   0.0 |       8 |       0 |   0.0
            +---------+---------+-------+---------+---------+-------
